 Dungeon Crawl Stone Soup version 0.29.0-11-gd7f09526c8 (webtiles) character file.

Game seed: 9777266460493417166

2626 sanka the Basher (level 9, 0/71 (84) HPs)
             Began as an Ogre Berserker on Sept 6, 2022.
             Was an Elder of Trog.
             Slain by a gnoll
             ... wielding a +0 spear
             ... led by a gnoll sergeant
              (4 damage)
             ... on level 9 of the Dungeon.
             The game lasted 00:11:56 (8870 turns).

sanka the Basher (Ogre Berserker)                   Turns: 8870, Time: 00:11:57

HP:   0/71 (84)     AC:  6    Str: 29    XL:     9   Next: 60%
MP:   0/9           EV: 10    Int:  8    God:    Trog [****..]
Gold: 261           SH:  0    Dex: 12    Spells: 8/8 levels left

rFire   . . .      SeeInvis .   a - +2 flail (protect)
rCold   + . .      Faith    .   (no shield)
rNeg    . . .      Spirit   +   D - +2 robe {rC+}
rPois   .          Reflect  .   (helmet restricted)
rElec   .          Harm     .   r - +0 cloak
rCorr   .          Rampage  .   (gloves unavailable)
Will    .....                   (boots unavailable)
Stlth   +.........              J - amulet of guardian spirit
HPRegen 0.21/turn               (no ring)
MPRegen 0.11/turn               y - +6 ring of strength

@: heavily drained
A: large, unfitting armour, tough skin 1
a: Renounce Religion, Berserk, Trog's Hand, Brothers in Arms


You were on level 9 of the Dungeon.
You worshipped Trog.
Trog was greatly pleased with you.
You visited 1 branch of the dungeon, and saw 7 of its levels.
You also visited: Sewer.

You collected 289 gold pieces.
You spent 28 gold pieces at shops.


Innate Abilities, Weirdness & Mutations

You are too large for most types of armour.
You have tough skin. (AC +1)


   Skills:
 - Level 4.0 Fighting
 + Level 12.0 Maces & Flails
 - Level 2.6 Dodging


You had 8 spell levels left.
You didn't know any spells.
Your spell library was empty.

Inventory:

Hand Weapons
 a - a +2 flail of protection (weapon)
 u - a +0 giant spiked club
 B - a +0 flail of holy wrath
Missiles
 c - a throwing net {=f}
 L - 3 curare-tipped darts {=f}
Armour
 r - a +0 cloak (worn)
 D - a +2 robe of cold resistance (worn)
Jewellery
 y - a +6 ring of strength (right hand)
 E - an amulet of reflection
 J - an amulet of guardian spirit (around neck)
Wands
 C - a wand of quicksilver (16)
 G - a wand of flame (19)
Scrolls
 f - 5 scrolls of teleportation {@r4}
 g - 3 scrolls of enchant weapon
 h - a scroll of fog {unknown}
 l - 3 scrolls of noise {!r}
 m - a scroll of magic mapping {unknown}
 n - a scroll of immolation {!r}
 q - a scroll of fear {unknown}
 s - a scroll of brand weapon {unknown}
 t - 2 scrolls of enchant armour
 v - a scroll of torment {!r}
 x - a scroll of vulnerability {!r}
 F - a scroll of poison {unknown}
 H - a scroll of summoning {unknown}
 K - a scroll of blinking {unknown}
Potions
 b - a potion of mutation {unknown}
 d - 2 potions of degeneration {unknown}
 e - 2 potions of lignification {unknown}
 i - a potion of invisibility
 j - a potion of cancellation {unknown}
 k - 2 potions of flight {unknown}
 o - a potion of berserk rage {unknown}
 p - 2 potions of haste {unknown}
 w - 2 potions of ambrosia
 z - a potion of curing {unknown}
 A - 2 potions of magic {unknown}
 I - a potion of might {unknown}

Dungeon Overview and Level Annotations

Branches:
Dungeon (6/15)             Temple (0/1) D:5           Sewer (visited)

Altars:
Cheibriados
Elyvilon
Qazlal
Trog
The Shining One

Shops:
D:2 ?

Annotations:
D:5 1 runed translucent door, Flugkiller's ghost, novice MiFi
D:9 Harold

...........▒▒..▒.......
.▒▒o.▒.......▒..▒▒......
............z....▒...▒..
........?.z.@....▒▒..▒..
.....T......▒▒▒▒▒▒▒▒▒▒▒▒
..g.ooggz▒▒▒ ..▒g....▒
▒▒.z.▒▒ ▒..O.▒ ▒▒.▒▒▒ ▒▒


You could see a troll, a gnoll sergeant, 4 wights, an orc wizard, 3 gnolls and 2
orcs.


Message History

The wight attacks as you move away! The wight barely misses you.
A troll and an orc come into view.
Found a stone staircase leading up.
The troll shouts!
The orc wizard shouts!
You hear a shout!
A gnoll comes into view. It is wielding a +0 spear.
The gnoll barely misses you.
The gnoll hits you from afar with a +0 spear!
The orc moves out of view.
The orc shouts!
You hear a shout!
The gnoll hits you with a +0 halberd!
* * * LOW HITPOINT WARNING * * *
An orc and a gnoll sergeant come into view.
The gnoll sergeant shouts!
The gnoll closely misses you. The wight attacks as you move away!
The wight hits you with a +2 flail!
* * * LOW HITPOINT WARNING * * *
The gnoll hits you from afar with a +0 spear.
* * * LOW HITPOINT WARNING * * *
The wight attacks as you move away! The wight hits you with a +2 flail!
* * * LOW HITPOINT WARNING * * *
You feel drained.
* * * LOW HITPOINT WARNING * * *
The gnoll hits you from afar with a +0 spear.
You die...

Action                   |  1- 3 |  4- 6 |  7- 9 || total
-------------------------+-------+-------+-------++-------
Melee: Mace              |    84 |   262 |    76 ||   422
       Punch             |       |     3 |     5 ||     8
       Flail             |       |       |   305 ||   305
Invok: Berserk           |     1 |     6 |    15 ||    22
       Trog's Hand       |       |       |     1 ||     1
  Use: Scroll            |       |     4 |     3 ||     7
Armor: Animal skin       |    25 |   125 |    48 ||   198
       Robe              |       |       |    51 ||    51
Dodge: Dodged            |    49 |   196 |   178 ||   423

Levels and vault maps discovered:
D:1:      co_arrival_random_square_maze, layout_rooms
D:2:      layout_basic, shapermc_ecumenical_altar_acropolis, serial_shops, shop,
          minmay_pentomino_u4, uniq_natasha, uniq_robin, uniq_crazy_yiuf_cottage
D:3:      lemuel_castle_with_subvaults [lemuel_castle_interior_carwin_2],
          layout_rooms, nicolae_qazlal_scattered_showers, amcnicky_altar_gilded,
          gup_sewer_entry_pipe
D:4:      layout_gridville, uniq_edmund, uniq_blork_the_orc, uniq_ijyb,
          uniq_pikel
D:5:      dreamdust_elfheim, layout_gridville, lemuel_round_altar,
          mainiacjoe_overflow_brackets, mainiacjoe_overflow_paths,
          minmay_temple_entry_trees, ebering_ghost_inner_flame
D:6:      layout_loops_ring, lightli_orcish_oven, uniq_grinder
D:9:      layout_cave_pools, zombieorc2_lemuel, nzn_life_drinkers, uniq_harold

Notes
Turn   | Place    | Note
-------+----------+-------------------------------------------
     0 | D:1      | sanka the Ogre Berserker began the quest for the Orb.
     0 | D:1      | Reached XP level 1. HP: 24/24 MP: 1/1
   116 | D:1      | Reached skill level 3 in Maces & Flails
   159 | D:1      | Reached XP level 2. HP: 28/32 MP: 2/2
   720 | D:2      | Found a runed translucent door.
   721 | D:2      | Noticed Crazy Yiuf
   772 | D:2      | Reached XP level 3. HP: 36/39 MP: 3/3
   785 | D:2      | Reached ** piety under Trog
   821 | D:2      | Reached skill level 4 in Maces & Flails
   967 | D:2      | Noticed Natasha
   974 | D:2      | Killed Natasha
   975 | D:2      | Reached XP level 4. HP: 25/48 MP: 4/4
  1315 | D:2      | Found Kavecuti's Magic Scroll Emporium.
  1364 | D:2      | Found a faded altar of an unknown god.
  1365 | D:2      | Bought a scroll of identify for 28 gold pieces
  1453 | D:2      | Noticed Robin
  1467 | D:2      | Killed Robin
  1820 | D:2      | Noticed Natasha
  1831 | D:2      | Killed Natasha
  1832 | D:2      | Reached skill level 5 in Maces & Flails
  1832 | D:2      | Reached XP level 5. HP: 40/54 MP: 5/5
  1988 | D:2      | Noticed Natasha
  1996 | D:2      | Killed Natasha
  2195 | D:2      | Killed Crazy Yiuf
  2345 | D:3      | Found a glowing drain.
  2360 | Sewer    | Entered a sewer
  2576 | Sewer    | Reached skill level 6 in Maces & Flails
  2576 | Sewer    | Reached XP level 6. HP: 62/62 MP: 6/6
  3017 | D:3      | Reached *** piety under Trog
  3357 | D:3      | Reached skill level 7 in Maces & Flails
  3378 | D:3      | Reached XP level 7. HP: 70/70 MP: 7/7
  4194 | D:2      | HP: 6/70 [gnoll/+0 flail (7)]
  4513 | D:3      | Reached skill level 8 in Maces & Flails
  4773 | D:3      | Found a stormy altar of Qazlal.
  4783 | D:3      | Found a bloodstained altar of Trog.
  5813 | D:4      | Reached XP level 8. HP: 78/78 MP: 8/8
  6255 | D:4      | Noticed Blork the orc
  6270 | D:4      | Killed Blork the orc
  6271 | D:4      | Reached skill level 9 in Maces & Flails
  6691 | D:4      | Noticed Edmund
  6708 | D:4      | Killed Edmund
  6767 | D:4      | Noticed Pikel
  6782 | D:4      | Killed Pikel
  6783 | D:4      | Reached skill level 10 in Maces & Flails
  6975 | D:4      | Noticed Ijyb
  6992 | D:4      | Killed Ijyb
  7224 | D:4      | Reached XP level 9. HP: 84/84 MP: 9/9
  7357 | D:5      | Entered Level 5 of the Dungeon
  7357 | D:5      | Found a staircase to the Ecumenical Temple.
  7490 | D:5      | Reached skill level 11 in Maces & Flails
  7591 | D:5      | Reached **** piety under Trog
  7760 | D:5      | Found a white marble altar of Elyvilon.
  8160 | D:5      | Found a glowing golden altar of the Shining One.
  8438 | D:5      | Found a snail-covered altar of Cheibriados.
  8588 | D:5      | Found a runed translucent door.
  8591 | D:5      | Noticed Flugkiller's ghost (novice MiFi)
  8742 | D:6      | Noticed Grinder
  8752 | D:6      | Killed Grinder
  8753 | D:6      | Reached skill level 12 in Maces & Flails
  8854 | D:9      | Noticed Harold
  8866 | D:9      | Noticed a troll
  8870 | D:9      | HP: 7/73 [wight/+2 flail (8)]
  8870 | D:9      | Slain by a gnoll

Vanquished Creatures
  Pikel (D:4)
  Grinder (D:6)
  Edmund (D:4)
  A sky beast (D:5)
  An ice beast (D:5)
  A black bear (D:5)
  3 ogres
  3 lemures (D:4)
  Blork the orc (D:4)
  2 scorpions
  A gnoll sergeant (D:5)
  2 howler monkeys (D:3)
  A jelly (D:5)
  An orc priest (D:3)
  Crazy Yiuf (D:2)
  3 hounds (D:3)
  Ijyb (D:4)
  A gnoll bouda (D:3)
  5 iguanas
  3 orc wizards
  Natasha (thrice) (D:2)
  A hell rat (Sewer)
  Robin (D:2)
  4 adders
  23 gnolls
  2 river rats (Sewer)
  A white imp (D:5)
  An ufetubus (D:5)
  2 worms
  32 orcs
  6 ball pythons
  5 endoplasms
  9 giant cockroaches
  20 goblins
  11 hobgoblins
  16 jackals (D:3)
  9 kobolds
  8 quokkas
  2 training dummies (D:5)
  3 bats
  2 frilled lizards
  13 rats
208 creatures vanquished.

Vanquished Creatures (others)
  An orc wizard (D:3)
  A plant (D:2)
2 creatures vanquished.

Grand Total: 210 creatures vanquished
